 Dungeon Crawl Stone Soup version 0.29-a0-334-gb41bcbb86e (webtiles) character file.

Game seed: 14595710430002835978

406 enile the Magician (level 7, -20/49 HPs)
             Began as a Djinni Venom Mage on Apr 15, 2022.
             Was a Believer of Dithmenos.
             Demolished by a two-headed ogre
             ... wielding a +0 giant club
              (22 damage)
             ... on level 4 of the Dungeon.
             The game lasted 00:06:54 (6869 turns).

enile the Magician (Djinni Venom Mage)              Turns: 6869, Time: 00:06:55

Health: -20/49     AC:  2    Str:  7    XL:     7   Next: 12%
Gold:   199        EV: 13    Int: 16    God:    Dithmenos [**....] SH:  0 Dex: 14

rFire   + + .      SeeInvis .   l - +9 club
rCold   x . .      Faith    .   (no shield)
rNeg    . . .      Spirit   .   a - +0 robe
rPois   ∞          Reflect  .   (no helmet)
rElec   .          Harm     .   (no cloak)
rCorr   .          Rampage  .   (no gloves)
Will    +....                   (boots unavailable)
Stlth   ++........              (no amulet)
HPRegen 0.16/turn               f - ring of wizardry
MPRegen 0.00/turn               d - ring of willpower

@: brilliant, flying, wreathed by umbra, unable to read
A: sickness immunity, fire resistance 2, cold vulnerability 1, float, innate
caster, HP casting, extra vitality 1, dopey 1, wild magic 1, inability to read
while threatened
a: Renounce Religion, Shadow Step


You were on level 4 of the Dungeon.
You worshipped Dithmenos.
Dithmenos was pleased with you.
You visited 1 branch of the dungeon, and saw 4 of its levels.

You collected 199 gold pieces.

Inventory:

Hand Weapons
 l - a +9 club (weapon)
Missiles
 g - 113 stones
Armour
 a - a +0 robe (worn)
Jewellery
 d - a ring of willpower (right hand)
 f - a ring of wizardry (left hand)
Wands
 n - a wand of iceblast (10)
Scrolls
 b - 4 scrolls of identify {unknown}
 c - a scroll of brand weapon {unknown}
 e - a scroll of enchant weapon {unknown}
 i - a scroll of summoning {unknown}
 k - a scroll of magic mapping {unknown}
 m - a scroll of teleportation {unknown}
 p - a scroll of fear {unknown}
Potions
 h - a potion of flight
 q - a potion of attraction


   Skills:
 - Level 2.0 Fighting
 - Level 4.0 Dodging
 - Level 1.5 Stealth
 + Level 4.9 Spellcasting


You couldn't memorise any spells.
You knew the following spells:

 Your Spells              Type           Power      Damage    Failure   Level
a - Sandblast             Erth           76%        2d16      1%          1
b - Poisonous Vapours     Pois/Air       76%        N/A       2%          2
c - Mephitic Cloud        Conj/Pois/Air  38%        N/A       4%          3
d - Olgreb's Toxic Radia  Pois           38%        N/A       12%         4
e - Sting                 Tmut/Pois      100%       1d8       1%          1
f - Passwall              Tmut/Erth      31%        N/A       2%          2
g - Ozocubu's Armour      Ice            38%        N/A       4%          3
Your spell library was empty.

Dungeon Overview and Level Annotations

Branches:
Dungeon (4/15)
 Temple: D:4-7

Altars:
Dithmenos
Fedhas
Makhleb
Nemelex Xobeh
Sif Muna
Wu Jian
Yredelemnul

Annotations:
D:4 Grinder


Innate Abilities, Weirdness & Mutations

You are immune to sickness and miasma.
You are immune to poison.
Your flesh is very heat resistant. (rF++)
You are vulnerable to cold. (rC-)
You float through the air rather than walking.
You learn spells naturally, not from books.
Your magical power is your life essence.
You have superior vitality. (+4 MHP)
You are dopey. (Int -2)
Your spells are a little harder to cast, but a little more powerful.
You sometimes lose the ability to read scrolls when taking damage.


Message History

You hear a shout!
The two-headed ogre is engulfed in noxious fumes.
Casting: Mephitic Cloud (dangerous; 4% risk of failure)
Confirm with . or Enter, or press ? or * to list all spells.
You begin to radiate toxic energy.
The two-headed ogre looks as sick as possible!
The two-headed ogre is engulfed in noxious fumes.
You barely miss the two-headed ogre.
The two-headed ogre is lightly wounded.
Your toxic aura wanes.
The two-headed ogre misses you. The two-headed ogre barely misses you.
You hit the two-headed ogre.
The two-headed ogre is moderately wounded.
The two-headed ogre hits you with a +0 giant club!!
You feel threatened and lose the ability to read scrolls!
* * * LOW HITPOINT WARNING * * *
The two-headed ogre hits you with a +0 giant spiked club!
* * * LOW HITPOINT WARNING * * *
Okay, then.
You cannot read scrolls in your current state!
It was a potion of flight.
You feel more buoyant. The two-headed ogre barely misses you.
The two-headed ogre closely misses you.
Unknown command.
Unknown command.
Unknown command.
Unknown command.
Unknown command.
Unknown command.
It was a potion of brilliance.
You feel clever all of a sudden.
Casting: Olgreb's Toxic Radiance (quite dangerous; 12% risk of failure)
Confirm with . or Enter, or press ? or * to list all spells.
Okay, then.
Okay, then.
Okay, then.
Okay, then.
The two-headed ogre attacks as you move away!
The two-headed ogre hits you with a +0 giant club!!
You die...

###.. ##### ##.... #...#
#..._) #...# #.._8_
#...# ## ##..._. #....
... #...... #####...#
#.####.####. ........#
#...##.####. .......@#
#####......##.
.......O##........##....
#...###....####...#.....
### ##...#####.........
#.##...##..)....#)....
#.........##....#....)
#.#..#.#####....#..... #
##.#.## #....#)....
#.#..# #....#.....


You could see a two-headed ogre (very poisoned).

Vanquished Creatures
  An ogre (D:3)
  A scorpion (D:4)
  An orc priest (D:3)
  A hound (D:3)
  Jessica (D:2)
  2 orc wizards
  5 adders
  A worm (D:2)
  2 dart slugs
  6 orcs
  4 ball pythons
  11 endoplasms
  4 giant cockroaches
  4 goblins
  4 hobgoblins
  5 jackals
  4 quokkas
  9 bats
  2 frilled lizards (D:2)
  2 kobolds
  3 rats
73 creatures vanquished.

Vanquished Creatures (others)
  2 plants (D:1)
2 creatures vanquished.

Grand Total: 75 creatures vanquished

Notes
Turn   | Place    | Note
-------+----------+-------------------------------------------
     0 | D:1      | enile the Djinni Venom Mage began the quest for the Orb.
     0 | D:1      | Reached XP level 1. HP: 15/15 MP: 0/0
    19 | D:1      | Found a faded altar of an unknown god.
    65 | D:1      | Prayed at the altar of an unknown god.
    65 | D:1      | Became a worshipper of Dithmenos the Shadowed
    65 | D:1      | Reached * piety under Dithmenos
   276 | D:1      | Reached XP level 2. HP: 12/21 MP: 0/0
  1381 | D:2      | Noticed Jessica
  1385 | D:2      | Killed Jessica
  1386 | D:2      | Reached XP level 3. HP: 17/25 MP: 0/0
  1386 | D:2      | Learned a level 1 spell: Sandblast
  1552 | D:2      | Found an ornate altar of the Wu Jian Council.
  1651 | D:2      | Reached XP level 4. HP: 19/31 MP: 0/0
  2361 | D:2      | Reached ** piety under Dithmenos
  3867 | D:3      | Noticed an ogre
  3882 | D:3      | Killed an ogre
  3883 | D:3      | Reached XP level 5. HP: 28/38 MP: 0/0
  3883 | D:3      | Learned a level 2 spell: Passwall
  4440 | D:3      | Reached XP level 6. HP: 29/43 MP: 0/0
  4748 | D:3      | Gained mutation: You are dopey. (Int -2) [potion of
                  | mutation]
  4748 | D:3      | Gained mutation: You sometimes lose the ability to read
                  | scrolls when taking damage. [potion of mutation]
  4748 | D:3      | Gained mutation: Your spells are a little harder to cast,
                  | but a little more powerful. [potion of mutation]
  5562 | D:4      | Noticed Grinder
  5747 | D:4      | Paralysed by Grinder for 2 turns
  6536 | D:4      | Reached XP level 7. HP: 23/49 MP: 0/0
  6536 | D:4      | Learned a level 3 spell: Ozocubu's Armour
  6543 | D:4      | Found a basalt altar of Yredelemnul.
  6545 | D:4      | Found a sparkling altar of Nemelex Xobeh.
  6545 | D:4      | Found a blossoming altar of Fedhas.
  6627 | D:4      | Found a burning altar of Makhleb.
  6851 | D:4      | Noticed a two-headed ogre
  6863 | D:4      | HP: 1/49 [two-headed ogre/+0 giant club (11)]
  6869 | D:4      | Demolished by a two-headed ogre

Illustrated notes

Levels and vault maps discovered:
D:1:      dpeg_arrival_windows_large_door, layout_rooms, basic_ecumenical_altar,
          serial_bayou_lagoon_b
D:2:      layout_loops_corners, basic_altar, uniq_jessica
D:3:      layout_loops_corners, nicolae_sif_muna_condensation, st_stairs_4
D:4:      layout_rooms, chequers_temple_overflow_statue_of_worship,
          uniq_grinder, uniq_robin

Skill      XL: |  1  2  3  4  5  6 |
---------------+-------------------+-----
Spellcasting   | 3 4 |  4.9
Fighting       | 2 |  2.0
Dodging        | 3 4 |  4.0
Stealth        | |  1.5

Action                   |  1- 3 |  4- 6 |  7- 9 || total
-------------------------+-------+-------+-------++-------
Melee: Unarmed           |     9 |     2 |       ||    11
       Club              |       |    30 |     7 ||    37
       Punch             |       |     1 |       ||     1
 Cast: Sting             |    41 |    29 |       ||    70
       Poisonous Vapours |     8 |    62 |     2 ||    72
       Mephitic Cloud    |       |     1 |     2 ||     3
       Olgreb's Toxic Ra |       |     9 |     1 ||    10
       Sandblast         |       |     7 |       ||     7
Evoke: Wand              |       |     2 |       ||     2
  Use: Potion            |       |     4 |     2 ||     6
 Stab: Sleeping          |       |     2 |       ||     2
Armor: Robe              |     7 |     4 |       ||    11
Dodge: Dodged            |    18 |    35 |     4 ||    57

Table legend: (Time is in decaauts)
 A = Elapsed time spent in this place.
 B = Non-inter-level travel time spent in this place.
 C = Inter-level travel time spent in this place.
 D = Time resting spent in this place.
 E = Time spent auto-exploring this place.
 F = Levels seen in this place.
 G = Mean time per level.
                   A        B        C        D        E       F      G
               +--------+--------+--------+--------+--------+-----+--------+
         Total |   6863 |   6579 |    284 |   1020 |   5053 |   4 | 1715.8 |
       Dungeon |   6863 |   6579 |    284 |   1020 |   5053 |   4 | 1715.8 |
               +--------+--------+--------+--------+--------+-----+--------+

Top non-repeatable levels by time:
     D:3: 2610 daAuts
     D:2: 2345 daAuts
     D:1: 1508 daAuts
     D:4: 399 daAuts
